 Dungeon Crawl Stone Soup version 0.28.0-53-g5a82cb258f (webtiles) character file.

Game seed: 16656646453363444330

22530 H0rd4k the Basher (level 13, -3/92 (103) HPs)
             Began as a Human Artificer on June 28, 2022.
             Was an Initiate of Gozag.
             Killed from afar by Nergalle (29 damage)
             ... with a bolt of negative energy
             ... on level 4 of the Lair of Beasts.
             The game lasted 00:29:16 (20394 turns).

H0rd4k the Basher (Human Artificer)                Turns: 20394, Time: 00:29:18

HP:   -3/92 (103)   AC: 15    Str:  8    XL:     13   Next: 28%
MP:   24/24         EV: 13    Int: 22    God:    Gozag
Gold: 2213          SH:  5    Dex: 15    Spells: 15/27 levels left

rFire   + + +      SeeInvis .   l - +6 mace of Wyrd {drain, Int+3}
rCold   . . .      Faith    .   (no shield)
rNeg    . . .      Spirit   .   p - +5 ring mail of Twilight {rF++ Str-4 Int+3 Stlth+}
rPois   .          Reflect  +   (no helmet)
rElec   .          Harm     .   (no cloak)
rCorr   .          Rampage  .   d - +1 pair of gloves
Will    .....                   H - +2 pair of boots {Fly}
Stlth   ++........              s - amulet of reflection
HPRegen 0.25/turn               t - ring of protection from fire
MPRegen 0.19/turn               (no ring)

@: lethally poisoned (-3 -> -17), flying, heavily drained
A: no striking features
a: Renounce Religion, Potion Petition, Call Merchant, Bribe Branch


You were on level 4 of the Lair of Beasts.
You worshipped Gozag.
Gozag was most pleased with you.
You visited 3 branches of the dungeon, and saw 17 of its levels.

You collected 2450 gold pieces.
You spent 175 gold pieces at shops.
You paid 62 gold pieces to Gozag.

Inventory:

Hand Weapons
 l - the +6 mace of Wyrd (weapon) {drain, Int+3}
   (You found it on level 2 of the Dungeon)

   A truly terrible weapon, it drains the life of any living foe it strikes.
   Int:       It affects your intelligence (+3).
 I - the +6 dagger "Sexeokur" {vorpal, MP+9 Dex+4}
   (You bought it in a shop on level 1 of the Dungeon)

   It inflicts extra damage upon your enemies.
   Dex:       It affects your dexterity (+4).
   MP:        It affects your magic capacity (+9).
Armour
 d - a +1 pair of gloves (worn)
 p - the +5 ring mail of Twilight (worn) {rF++ Str-4 Int+3 Stlth+}
   (You found it on level 3 of the Dungeon)

   Str:       It affects your strength (-4).
   Int:       It affects your intelligence (+3).
   rF:        It greatly protects you from fire.
   Stlth:     It makes you more stealthy.
 y - an orb of light
 H - a +2 pair of boots of flying (worn)
Magical Staves
 n - a staff of conjuration
Jewellery
 s - an amulet of reflection (around neck)
 t - a ring of protection from fire (left hand)
 K - a ring of flight
Wands
 c - a wand of flame (14) (quivered)
 g - a wand of acid (2)
 k - a wand of digging (5)
 E - a wand of paralysis (6)
 G - a wand of polymorph (12)
Scrolls
 h - 3 scrolls of teleportation
 j - 4 scrolls of enchant armour
 m - 2 scrolls of identify
 r - 2 scrolls of immolation
 u - a scroll of amnesia
 v - a scroll of fear {unknown}
 x - a scroll of blinking
 B - 4 scrolls of magic mapping
 D - a scroll of torment
Potions
 a - a potion of magic {unknown}
 b - a potion of attraction {unknown}
 f - a potion of haste {unknown}
 i - a potion of ambrosia
 o - 9 potions of curing
 q - 2 potions of invisibility
 w - 3 potions of flight
 z - a potion of mutation {unknown}
 A - a potion of might {unknown}
 C - 3 potions of lignification {unknown}
 F - a potion of brilliance {unknown}
Miscellaneous
 e - a piece from Xom's chessboard (15/15)


   Skills:
 + Level 9.9 Fighting
 - Level 11.7 Maces & Flails
 - Level 2.0 Armour
 + Level 8.9 Dodging
 - Level 1.0 Stealth
 + Level 6.4 Shields
 * Level 7.7 Spellcasting
 * Level 3.1 Summonings
 * Level 0.1 Poison Magic
 + Level 5.8 Evocations


You had 15 spell levels left.
You knew the following spells:

 Your Spells              Type           Power      Damage    Failure   Level
a - Summon Cactus Giant   Summ           11%        N/A       100%        6
b - Animate Armour        Summ/Erth      30%        N/A       75%         4
c - Poisonous Vapours     Pois/Air       16%        N/A       32%         2

Your spell library contained the following spells:

 Spells                   Type           Power      Damage    Failure   Level
 Apportation              Tloc           16%        N/A       22%         1
 Freeze                   Ice            32%        1d5       22%         1
 Sting                    Tmut/Pois      32%        1d4       22%         1
 Static Discharge         Conj/Air       8%         N/A       34%         2
 Frozen Ramparts          Ice            16%        1d3       56%         3
 Stone Arrow              Conj/Erth      16%        3d8       56%         3
 Olgreb's Toxic Radiance  Pois           9%         N/A       91%         4
 Hailstorm                Conj/Ice       8%         3d4       92%         4
 Summon Forest            Summ/Tloc      7%         N/A       97%         5
 Summon Mana Viper        Hex/Summ       15%        N/A       97%         5
 Alistair's Intoxication  Tmut/Pois      5%         N/A       99%         5
 Lightning Bolt           Conj/Air       4%         1d15      99%         5
 Lehudib's Crystal Spear  Conj/Erth      4%         10d3      100%        8
 Maxwell's Capacitive Co  Air            4%         ∞         100%        8


Dungeon Overview and Level Annotations

Branches:
Dungeon (12/15)            Temple (1/1) D:5            Lair (4/6) D:8
 Shoals (0/4) Lair:2          Orc (0/2) D:9
  Snake: Lair:2-4    Spider: Lair:2-4

Altars:
Ashenzari
Cheibriados
Dithmenos
Gozag
Hepliaklqana
Kikubaaqudgha
Makhleb
Nemelex Xobeh
Qazlal
Ru
Wu Jian
Zin
The Shining One

Shops:
D:1 (

Annotations:
D:4 2 transporters
D:6 2 runed translucent doors
D:8 exclusion: downstairs
D:10 3 runed translucent doors, exclusion: 3 doors, Psyche
D:11 Erolcha
D:12 exclusions: hydra and upstairs
Lair:3 exclusion: upstairs, Sonja
Lair:4 Nergalle


Message History

The wyvern closely misses you.
There is a stone staircase leading down here.
The water moccasin bites you.
You are poisoned.
The water moccasin poisons you! The wyvern barely misses you.
The water moccasin bites you but does no damage.
You block the wyvern's attack.
You fly downwards.
You feel sick.
Nergalle shouts!
Found a whip.
There is a stone staircase leading up here.
You feel sick.
The water moccasin bites you but does no damage.
The wyvern barely misses you.
Nergalle gestures at you while chanting.
The bolt of negative energy hits you!!
You feel drained.
Aiming: Corrosive Bolt
Press: ? - help, Shift-Dir - straight line, f - Nergalle
Aim: Nergalle, wielding a +0 dagger and wearing a +0 robe (71% to hit)
The bolt of acid hits Nergalle!
The acid corrodes Nergalle!
Nergalle is moderately wounded.
You feel sick. The wyvern closely misses you.
The water moccasin bites you but does no damage.
The wyvern bites you. The water moccasin bites you.
You are more poisoned.
The water moccasin poisons you!
Aiming: Corrosive Bolt
Press: ? - help, Shift-Dir - straight line, f/p - Nergalle
Aim: Nergalle, wielding a +0 dagger and wearing a +0 robe (moderately wounded, covered in acid, 71% to hit)
The bolt of acid hits Nergalle.
Nergalle seems to be corroded for longer.
Nergalle is moderately wounded.
You feel very sick. The wyvern bites you!
* * * LOW HITPOINT WARNING * * *
The water moccasin completely misses you.
Nergalle casts a spell at you. The bolt of negative energy hits you!!
You feel drained.
You die...
Your body crumbles into a pile of gold.

## #P. ###
#PP.#l##
#...<@#
#..o..S##
#....)..
..........
.##........
#.....##.#
........ ..
......## ##


You could see Nergalle (corroded), a water moccasin and a wyvern.

Vanquished Creatures
  2 hydras
  2 two-headed ogres
  A manticore (D:11)
  A deep elf pyromancer (D:12)
  A cyclops (D:12)
  3 black mambas
  10 cane toads
  3 merfolk sirens (Lair:2)
  A torpor snail (Lair:2)
  A komodo dragon (Lair:2)
  A merfolk (Lair:2)
  A polar bear (Lair:2)
  14 blink frogs
  4 dream sheep
  4 slime creatures (D:9)
  11 yaks
  4 vampire mosquitoes (D:12)
  3 steam dragons
  Menkaure (D:5)
  10 water moccasins
  An acid dragon (D:11)
  6 orc warriors
  A sky beast (D:5)
  A black bear (D:6)
  2 ogres
  An ice beast (D:7)
  A necrophage (D:7)
  3 wolves (Lair:2)
  2 centaurs (D:10)
  A phantom (D:5)
  A kobold brigand (D:7)
  4 scorpions
  9 bullfrogs
  A gnoll sergeant (D:5)
  3 water moccasin skeletons
  8 killer bees
  24 wights
  4 howler monkeys
  A bullfrog zombie (D:7)
  3 centaur zombies
  2 centaur skeletons
  6 orc priests
  A hound (D:5)
  2 bullfrog skeletons
  5 iguanas
  6 orc wizards
  A howler monkey zombie (D:9)
  Robin (D:3)
  3 adders
  4 gnolls (D:5)
  2 shadow imps (D:7)
  A white imp (D:6)
  An ufetubus (D:5)
  5 dart slugs
  A worm (D:5)
  25 orcs
  9 ball pythons
  5 endoplasms
  2 giant cockroaches
  8 goblins
  11 hobgoblins
  3 jackals (D:4)
  2 quokkas
  4 bats
  5 frilled lizards
  9 kobolds
  5 rats
284 creatures vanquished.

Vanquished Creatures (collateral kills)
  A troll (D:9)
  An orc wizard (D:4)
  3 orcs
  A bat (D:2)
  A goblin (D:2)
  A hobgoblin (D:2)
  A kobold (D:2)
9 creatures vanquished.

Vanquished Creatures (others)
  A slime creature (D:9)
  A necrophage (D:6)
  2 orc priests
  A gnoll (D:5)
  An ufetubus (D:7)
  An orc (D:9)
  21 fungi
  54 plants
  4 withered plants (D:7)
86 creatures vanquished.

Grand Total: 379 creatures vanquished

Notes
Turn   | Place    | Note
-------+----------+-------------------------------------------
     0 | D:1      | H0rd4k the Human Artificer began the quest for the Orb.
     0 | D:1      | Reached XP level 1. HP: 15/15 MP: 1/1
   201 | D:1      | Found a faded altar of an unknown god.
   251 | D:1      | Reached XP level 2. HP: 8/21 MP: 2/2
   563 | D:1      | You fall into a shaft and drop 1 floor!
   716 | D:2      | Reached skill level 1 in Maces & Flails
   716 | D:2      | Reached XP level 3. HP: 13/26 MP: 3/3
  1455 | D:1      | Found Nycaulih's Antique Weapon Boutique.
  2114 | D:2      | Reached skill level 2 in Maces & Flails
  2114 | D:2      | Reached XP level 4. HP: 20/32 MP: 4/4
  2272 | D:2      | Found a hazy altar of Hepliaklqana.
  2432 | D:2      | Identified the +6 mace of Wyrd {drain, Int+3}
  2480 | D:3      | Reached XP level 5. HP: 37/37 MP: 5/5
  2605 | D:3      | Identified the +5 ring mail of Twilight {rF++ Str-4 Int+3
                  | Stlth+}
  2649 | D:3      | Noticed Robin
  2755 | D:3      | Killed Robin
  2865 | D:3      | Found a burning altar of Makhleb.
  3082 | D:4      | Noticed an orc warrior
  3143 | D:4      | Reached skill level 3 in Maces & Flails
  3182 | D:4      | Found a transporter.
  3187 | D:4      | Found a transporter.
  3200 | D:4      | Reached XP level 6. HP: 44/44 MP: 6/6
  3288 | D:4      | Found an ornate altar of the Wu Jian Council.
  3823 | D:5      | Entered Level 5 of the Dungeon
  4032 | D:5      | Noticed an ogre
  4129 | D:5      | Found a staircase to the Ecumenical Temple.
  4143 | Temple   | Entered the Ecumenical Temple
  4207 | Temple   | Became a worshipper of Gozag Ym Sagoz the Greedy
  4225 | D:5      | Reached skill level 4 in Maces & Flails
  4339 | D:5      | Reached XP level 7. HP: 43/50 MP: 7/7
  4389 | D:5      | Noticed Menkaure
  4392 | D:5      | Killed Menkaure
  4396 | D:5      | Reached skill level 5 in Maces & Flails
  4452 | D:5      | Found a sacrificial altar of Ru.
  4589 | D:5      | Found a glowing silver altar of Zin.
  4965 | D:5      | Reached XP level 8. HP: 38/57 MP: 8/8
  5290 | D:5      | Found a glowing golden altar of the Shining One.
  5348 | D:5      | Reached skill level 6 in Maces & Flails
  5791 | D:6      | Reached skill level 1 in Shields
  5964 | D:6      | Reached skill level 7 in Maces & Flails
  6453 | D:6      | Reached XP level 9. HP: 52/65 MP: 9/9
  6614 | D:6      | Reached skill level 1 in Spellcasting
  6966 | D:6      | Found a runed translucent door.
  7027 | D:6      | Found a runed translucent door.
  7090 | D:6      | Reached skill level 8 in Maces & Flails
  7840 | D:6      | Reached skill level 5 in Dodging
  9049 | D:7      | Reached XP level 10. HP: 72/73 MP: 14/14
  9350 | D:1      | Bought an iridescent dagger for 175 gold pieces
  9350 | D:1      | Identified the +6 dagger "Sexeokur" {vorpal, MP+9 Dex+4}
                  | (You bought it in a shop on level 1 of the Dungeon)
  9477 | D:4      | Reached skill level 5 in Fighting
  9477 | D:4      | Reached skill level 9 in Maces & Flails
 10674 | D:8      | Found a staircase to the Lair.
 11395 | D:9      | Noticed a two-headed ogre
 11587 | D:9      | Found a stormy altar of Qazlal.
 11613 | D:9      | Found a snail-covered altar of Cheibriados.
 11622 | D:9      | Found a broken altar of Ashenzari.
 11749 | D:9      | Reached skill level 10 in Maces & Flails
 11839 | D:9      | Found a staircase to the Orcish Mines.
 12016 | D:9      | Reached skill level 5 in Evocations
 12024 | D:9      | Killed a two-headed ogre
 12177 | D:9      | Reached XP level 11. HP: 41/81 MP: 17/17
 12447 | D:10     | Entered Level 10 of the Dungeon
 12682 | D:10     | Noticed a two-headed ogre
 12692 | D:10     | Killed a two-headed ogre
 12693 | D:10     | Reached skill level 11 in Maces & Flails
 12693 | D:10     | Reached skill level 5 in Spellcasting
 13163 | D:10     | Found a shadowy altar of Dithmenos.
 13212 | D:10     | Found a runed translucent gate.
 13212 | D:10     | Found a runed translucent gate.
 13212 | D:10     | Found a runed translucent gate.
 13213 | D:10     | Noticed a red ugly thing
 13214 | D:10     | Noticed a white ugly thing
 13214 | D:10     | Noticed a faun
 13214 | D:10     | Noticed a brown ugly thing
 13215 | D:10     | Noticed a brown ugly thing
 13216 | D:10     | Noticed a glowing shapeshifter
 13216 | D:10     | a faun changed into a glowing shapeshifter
 13217 | D:10     | a glowing shapeshifter changed into a redback
 13401 | D:10     | Noticed Psyche
 13743 | D:11     | Noticed Erolcha
 13767 | D:12     | Noticed a deep elf pyromancer
 13774 | D:12     | Killed a deep elf pyromancer
 13984 | D:12     | Noticed a cyclops
 14044 | D:12     | Killed a cyclops
 14198 | D:12     | Noticed a four-headed hydra
 14214 | D:12     | Killed a four-headed hydra
 14683 | D:11     | Noticed a manticore
 14689 | D:11     | HP: 4/83 [manticore/volley of spikes (9)]
 14961 | D:11     | Killed a manticore
 15162 | D:11     | Noticed a white ugly thing
 15499 | Lair:1   | Entered Level 1 of the Lair of Beasts
 16120 | Lair:1   | Reached skill level 5 in Shields
 16120 | Lair:1   | Reached XP level 12. HP: 72/91 MP: 21/21
 16820 | Lair:1   | Noticed a four-headed hydra
 16830 | Lair:1   | Killed a four-headed hydra
 18071 | Lair:1   | Learned a level 6 spell: Summon Cactus Giant
 18076 | Lair:1   | Learned a level 4 spell: Animate Armour
 18174 | Lair:2   | Noticed a five-headed hydra
 18283 | Lair:2   | Reached skill level 1 in Summonings
 18283 | Lair:2   | Found a staircase to the Shoals.
 18666 | Lair:2   | Reached XP level 13. HP: 62/101 MP: 24/24
 20275 | Lair:3   | Learned a level 2 spell: Poisonous Vapours
 20378 | Lair:3   | Noticed Sonja
 20391 | Lair:4   | Noticed Nergalle
 20394 | Lair:4   | Killed from afar by Nergalle

Illustrated notes

Levels and vault maps discovered:
D:1:      erik_arrival_blinker_ship, layout_basic, serial_shops, shop,
          ebering_ecumenical_altar_abandoned
D:2:      layout_rooms, basic_altar, minmay_fountain_box, serial_bayou_ford_a
D:3:      layout_rooms, mainiacjoe_overflow_chevrons, interstate_on_off,
          uniq_robin
D:4:      layout_layer_cave, mainiacjoe_overflow_small_starburst,
          gammafunk_ghost_abyssal_escape, guppyfry_early_orc_mine
D:5:      layout_loops_ring, zin_scriptorium, old_standard_altar,
          nicolae_tso_swordbearing_angel, minmay_temple_entry_overgrown,
          lightli_minifort, uniq_menkaure
D:6:      lemuel_insect_pit, layout_cave_pools
D:7:      layout_loops_ring, serial_undead, serial_undead_a, serial_undead_f,
          serial_undead_c, serial_undead_c
D:8:      layout_loops_corners, lair_entry_dummy, kennysheep_generic_room_6
D:9:      layout_basic, nicolae_qazlal_style_of_elements,
          mainiacjoe_overflow_large_starburst, david_orc_2
D:10:     layout_irregular_city, grunt_dithmenos_smoke_and_mirrors,
          ploomutoo_gammafunk_ghost_potion_laboratory, uniq_psyche
D:11:     layout_basic, uniq_erolcha
D:12:     layout_basic, serial_bayou, serial_bayou_pond_a, serial_bayou_pond_d,
          serial_bayou_shore_b, serial_bayou_lake_a
Temple:   nicolae_temple_figure_eight
Lair:1:   layout_cave_pods, eino_small_chamber_without_monster, minivault_27,
          hangedman_lair_generics_rect
Lair:2:   layout_loops_ring, elwin_shoals_entry_stream, st_stairs_10,
          chequers_serial_rivers_micro_d, lemuel_fruit_tree, grunt_megastairs_5
Lair:3:   layout_regular_city, dummy_snake_entry, grunt_megastairs_1, uniq_sonja
Lair:4:   layout_loops_ring, uniq_josephine, uniq_nergalle

Skill      XL: |  1  2  3  4  5  6  7  8  9 10 11 12 13 |
---------------+----------------------------------------+-----
Maces & Flails | 1 2 3 4 5 7 8 10 11 | 11.7
Evocations     | 4 5 |  5.8
Dodging        | 2 3 4 5 6 7 8 |  8.9
Fighting       | 2 3 4 5 7 9 |  9.9
Shields        | 2 3 4 5 6 |  6.4
Spellcasting   | 2 4 6 7 |  7.7
Summonings     | 2 3 |  3.1
Armour         | |  2.0
Stealth        | |  1.0
Poison Magic   | |  0.1

Action                   |  1- 3 |  4- 6 |  7- 9 | 10-12 | 13-15 || total
-------------------------+-------+-------+-------+-------+-------++-------
Melee: Club              |   133 |       |       |       |       ||   133
       Whip              |    28 |     6 |       |       |       ||    34
       Punch             |     1 |       |     7 |    11 |     4 ||    23
       Mace              |       |    89 |   327 |   712 |   161 ||  1289
Evoke: Wand              |     5 |     4 |    12 |    20 |     2 ||    43
       Piece from Xom's  |       |       |       |     1 |       ||     1
  Use: Scroll            |       |       |       |    19 |       ||    19
       Potion            |       |       |       |     4 |       ||     4
 Stab: Sleeping          |       |     6 |     3 |     3 |       ||    12
       Distracted        |       |       |     2 |     4 |       ||     6
Armor: Leather armour    |    45 |     4 |       |       |       ||    49
       Ring mail         |       |    54 |    91 |   258 |    45 ||   448
Dodge: Dodged            |   127 |    60 |   121 |   310 |    70 ||   688
Block: Other             |       |     4 |    76 |   118 |    27 ||   225
       Reflection        |       |       |     1 |     2 |       ||     3
